Get step-by-step instructions on how to execute this build order below. Start the game timer, and the build order will tick by so you can play in parallel with StarCraft on a second screen or mobile device.

Game Time

  0:00

Last Step

  N/A

Next Step

  12  0:00  SCV  

Upcoming Step

  13  0:12  SCV  

Don't want to look back and forth between 2 screens? Try out our Overwolf App, the Spawning Tool Build Advisor to get an in-game overlay with this build!

Complete Build Order

  12  0:00  SCV  
  13  0:12  SCV  
  14  0:17  Supply Depot  
  14  0:25  SCV  
  15  0:31  Refinery  
  15  0:38  SCV  
  16  0:45  Barracks  
  16  0:50  Refinery  
  16  0:54  SCV  
  17  1:06  SCV  
  18  1:18  SCV  
  19  1:31  Orbital Command  
  19  1:32  Reaper  
  20  1:38  Factory  
  20  1:49  Supply Depot  
  20  1:56  SCV  
  21  2:04  Reaper  
  22  2:09  SCV  
  22  2:15  Supply Depot  
  23  2:21  SCV  
  23  2:22  Hellion  
  26  2:29  Starport  
  26  2:36  Reaper, SCV  
  28  2:43  Hellion  
  30  2:48  SCV  
  31  2:52  Supply Depot  
  31  3:00  SCV  
  32  3:12  Starport Tech Lab  
  31  3:13  Factory Tech Lab  
  31  3:15  SCV  
  31  3:18  Barracks Reactor  
  31  3:27  Command Center  
  31  3:31  SCV  
  32  3:37  Banshee  
  35  3:41  Cloaking Field  
  35  3:45  SCV  
  36  3:52  Cyclone  
  39  3:56  Marine  
  39  3:57  SCV  
  39  3:58  Marine  
  42  4:09  SCV  
  38  4:16  Marine  
  37  4:21  Banshee  
  37  4:22  SCV  
  33  4:34  SCV  
  34  4:46  SCV  
  34  4:50  Siege Tank  
  38  4:53  Marine x2  
  38  4:58  SCV  
  41  5:01  Supply Depot  
  41  5:10  SCV  
  39  5:22  SCV  
  39  5:27  Siege Tank  
  40  5:34  Marine x2, SCV  
  40  5:35  Starport Reactor  
  37  5:50  SCV  
  37  5:51  Orbital Command  
  37  5:52  Marine x2  
  40  5:59  Siege Tank  
  43  6:07  SCV  
  43  6:11  Medivac  
  46  6:14  Refinery  
  46  6:16  Marine x2  
  48  6:19  SCV  
  48  6:21  SCV  
  48  6:23  Medivac  
  49  6:33  SCV  
  49  6:37  Marine x2  
  49  6:38  SCV  
  53  6:41  Medivac  
  54  6:48  SCV  
  54  6:53  SCV  
  56  6:55  Barracks, Marine  
  56  6:56  Engineering Bay  
  56  7:00  SCV  
  58  7:06  SCV  
  59  7:13  Marine x2, SCV  
  59  7:15  Medivac x2  
  66  7:18  SCV  
  67  7:24  Terran Infantry Weapons Level 1  
  67  7:25  SCV  
  68  7:32  Supply Depot x2  
  68  7:34  Marine  
  69  7:37  Marine  
  70  7:50  SCV  
  70  7:51  Siege Tank, SCV  
  60  8:02  SCV  
  60  8:05  Marine x3  
  58  8:06  SCV  
  58  8:07  Medivac, Stimpack  
  58  8:09  Barracks  
  61  8:14  SCV  
  61  8:18  SCV  
  63  8:20  Refinery  
  63  8:23  Siege Tank  
  63  8:24  Marine x3  
  63  8:26  SCV  
  70  8:30  SCV  
  71  8:39  SCV  
  72  8:41  Marine  
  72  8:42  SCV  
  72  8:47  Marine x2  
  76  8:51  SCV  
  76  8:54  Medivac, SCV  
  76  8:55  Medivac, Siege Tank  
  85  9:01  Barracks Reactor  
  85  9:03  SCV  
  85  9:07  Command Center  
  86  9:24  SCV x2  
  86  9:26  Marine  
  83  9:33  Marine  
  83  9:34  Marine  
  83  9:36  SCV x2  
  78  9:50  Marine x2, SCV  
  78  9:52  Marine  
  78  9:53  SCV  
  78  9:54  Siege Tank  
  76  10:00  Marine x2  
  76  10:02  SCV  
  76  10:05  SCV  
  78  10:13  Marine  
  78  10:18  SCV  
  72  10:44  Marine, SCV x2  
  67  10:56  Barracks  
  68  10:58  Barracks  
  68  10:59  Barracks  
  68  11:00  Barracks